 Dungeon Crawl Stone Soup version 0.25-a0-185-g6cfeca75b2 (webtiles) character file.

Game seed: 8203924171337144084, levelgen mode: deterministic

2581 sankara the Grappler (level 9, -5/75 HPs)
             Began as a Minotaur Transmuter on Nov 27, 2019.
             Was a Believer of Okawaru.
             Slain by a two-headed ogre
             ... wielding a +0 giant club
              (25 damage)
             ... on level 8 of the Dungeon.
             The game lasted 00:55:27 (11212 turns).

sankara the Grappler (Minotaur Transmuter)         Turns: 11212, Time: 00:55:27

Health: -5/75      AC:  6    Str: 22    XL:     9   Next: 32%
Magic:  3/10       EV: 16    Int: 11    God:    Okawaru [**....]
Gold:   144        SH:  0    Dex: 10    Spells: 1/10 levels left

rFire    . . .     SeeInvis .     - Unarmed
rCold    . . .     Gourm    .   (no shield)
rNeg     . . .     Faith    .   I - +0 leather armour of Pomu {Str+4}
rPois    .         Spirit   .   (helmet restricted)
rElec    .         Reflect  .   E - +0 cloak
rCorr    +         Harm     .   (no gloves)
MR       +....                  (boots currently unavailable)
Stlth    ++........             (no amulet)
HPRegen  0.22/turn              v - ring of protection from magic {MR+, !d}
MPRegen  0.12/turn              y - ring of resist corrosion

@: appendage, heroism, very slightly contaminated
A: retaliatory headbutt, horns 2, talons 3
a: End Transformation, Heroism, Renounce Religion


You were on level 8 of the Dungeon.
You worshipped Okawaru.
Okawaru was pleased with you.
You were very hungry.
You had grown temporary talons.
You visited 2 branches of the dungeon, and saw 9 of its levels.
You also visited: Sewer.

You collected 396 gold pieces.
You spent 252 gold pieces at shops.

Inventory:

Hand Weapons
 b - the +3 hunting sling of Fee Simple {speed, rPois}
   (You found it on level 7 of the Dungeon)

   Attacks with this weapon are significantly faster.
   It protects you from poison.
 c - a +1 dagger of venom
   (You took it off an orc wizard on level 4 of the Dungeon)
 p - a +0 hunting sling
   (You found it on level 2 of the Dungeon)
 G - a +0 shortbow
   (You took it off a centaur on level 5 of the Dungeon)
 N - a +2 short sword of draining
   (You took it off a kobold in a sewer)
 O - a +1 whip of electrocution
   (You found it on level 6 of the Dungeon)
Missiles
 a - 123 arrows
 e - 324 stones
 n - 4 boomerangs (quivered)
 o - 8 datura-tipped darts
 t - 66 poisoned darts
 z - 65 bolts
 A - 39 sling bullets
 H - a throwing net {=f, !d}
Armour
 h - a +1 ring mail of magic resistance
   (You took it off an orc on level 5 of the Dungeon)
 u - a +0 buckler
   (You found it on level 2 of the Dungeon)
 B - a scarf of repulsion
   (You found it on level 7 of the Dungeon)
 E - a +0 cloak (worn)
   (You took it off Crazy Yiuf on level 4 of the Dungeon)
 I - the +0 leather armour of Pomu (worn) {Str+4}
   (You bought it in a shop on level 5 of the Dungeon)

   It affects your strength (+4).
Jewellery
 v - a ring of protection from magic (left hand) {MR+, !d}
   (You found it on level 2 of the Dungeon)
 y - a ring of resist corrosion (right hand)
   (You found it on level 2 of the Dungeon)
 F - an uncursed ring of stealth {Stlth+}
   (You found it on level 5 of the Dungeon)
 J - an uncursed ring of ice {rC+, rF-}
   (You found it on level 5 of the Dungeon)
Wands
 m - a wand of flame (33)
   (You found it on level 7 of the Dungeon)
 r - a wand of random effects (64)
   (You found it on level 2 of the Dungeon)
 C - a wand of paralysis (15)
   (You found it on level 6 of the Dungeon)
 S - a wand of digging (6)
   (You found it on level 7 of the Dungeon)
Scrolls
 i - 3 scrolls of remove curse
 j - 2 scrolls of enchant weapon {unknown}
 k - 11 scrolls of identify {unknown}
 l - a scroll of blinking {unknown}
 q - 3 scrolls of teleportation {unknown}
 x - 2 scrolls of immolation {unknown}
 M - 4 scrolls of noise {unknown}
 P - a scroll of enchant armour {unknown}
 Q - a scroll of fear {unknown}
 R - a scroll of summoning {unknown}
 U - 3 scrolls of amnesia {unknown}
Potions
 f - 10 potions of curing {unknown}
 g - a potion of mutation {unknown}
 s - 3 potions of agility
 w - 2 potions of might
 D - a potion of invisibility
 K - 2 potions of flight {unknown}
 L - 5 potions of heal wounds {unknown}
 T - a potion of brilliance {unknown}
Comestibles
 d - 8 rations


   Skills:
 + Level 6.1(11.1) Fighting
 + Level 2.5(7.5) Slings
 + Level 6.0(11.0) Armour
 + Level 4.5(9.5) Dodging
 + Level 8.0(13.0) Unarmed Combat
 - Level 1.3 Spellcasting
 + Level 5.7 Transmutations


You had one spell level left.
You knew the following spells:

 Your Spells              Type           Power        Failure   Level  Hunger
a - Beastly Appendage     Tmut           ##....       3%          1    ##.....
b - Sticks to Snakes      Tmut           ##......     4%          2    ###....
c - Blade Hands           Tmut           ##........   65%         5    ######.
d - Confusing Touch       Hex            #.....       34%         1    ##.....

Your spell library contained the following spells:

 Spells                   Type           Power        Failure   Level  Hunger
 Magic Dart               Conj           #...         34%         1    ##.....
 Summon Small Mammal      Summ           #...         34%         1    ##.....
 Spider Form              Tmut/Pois      #.........   32%         3    ####...
 Call Imp                 Summ           #.......     45%         2    ###....
 Searing Ray              Conj           #.....       45%         2    ###....
 Call Canine Familiar     Summ           #.......     71%         3    ####...
 Confuse                  Hex            #.......     71%         3    ####...
 Dazzling Spray           Conj/Hex       #.....       71%         3    ####...
 Gell's Gravitas          Tloc           #.........   71%         3    ####...
 Summon Guardian Golem    Hex/Summ       #.......     71%         3    ####...
 Ice Form                 Ice/Tmut       #.......     71%         4    #####..
 Petrify                  Tmut/Erth      #.......     71%         4    #####..
 Yara's Violent Unravell  Hex/Tmut       #.........   96%         5    ######.
 Force Lance              Conj/Tloc      #.......     98%         4    #####..
 Fulminant Prism          Conj/Hex       #.........   98%         4    #####..
 Iskenderun's Mystic Bla  Conj           #.......     98%         4    #####..
 Summon Ice Beast         Ice/Summ       #.......     98%         4    #####..
 Summon Lightning Spire   Summ/Air       #.......     98%         4    #####..
 Metabolic Englaciation   Hex/Ice        #.........   100%        5    ######.


Dungeon Overview and Level Annotations

Branches:
Dungeon (8/15)             Temple (1/1) D:5           Sewer (visited)
   Lair: D:8-11

Altars:
Cheibriados
Dithmenos
Elyvilon
Gozag
Hepliaklqana
Kikubaaqudgha
Makhleb
Nemelex Xobeh
Okawaru
Qazlal
Ru
Sif Muna
Trog
Uskayaw
Vehumet
Wu Jian
Xom
Yredelemnul
Zin
The Shining One

Shops:
D:4 *}   D:5 [   D:8 (


Innate Abilities, Weirdness & Mutations

You reflexively headbutt those who attack you in melee.
You have a pair of horns on your head.
You have claws for feet.


Message History

Firing (i - inventory. (/) - cycle)
e - 324 stones (quivered)
Press: ? - help, Shift-Dir - straight line, f/p - slave
Aim: a slave (moderately wounded)
You shoot a stone. The stone barely misses the slave.
Firing (i - inventory. (/) - cycle)
e - 323 stones (quivered)
Press: ? - help, Shift-Dir - straight line, f/p - slave
Aim: a slave (moderately wounded)
You shoot a stone.
The stone hits the slave but does no damage.
The slave is moderately wounded.
Firing (i - inventory. (/) - cycle)
e - 322 stones (quivered)
Press: ? - help, Shift-Dir - straight line, f/p - slave
Aim: a slave (moderately wounded)
You shoot a stone. The stone closely misses the slave.
You are now empty-handed.
Casting: Beastly Appendage (safe; 3% risk of failure)
Confirm with . or Enter, or press ? or * to list all spells.
Your feet morph into talons.
Your transformation is almost over.
The slave closely misses you. You furiously retaliate!
You headbutt the slave! You hit the slave.
You claw the slave, but do no damage.
The slave is severely wounded.
The slave closely misses you.
You closely miss the slave. Your kick misses the slave. You headbutt the slave.
The slave is almost dead.
The slave barely misses you. You furiously retaliate!
You headbutt the slave.
You kill the slave!
That felt strangely unrewarding.
No target in view!
No target in view!
Your hands tingle!
b - the +3 hunting sling of Fee Simple (weapon)
{speed, rPois}
e - 322 stones (gained 1) Magic restored.
Your talons disappear.
e - 323 stones (gained 1)
e - 324 stones (gained 1)
Found a stone staircase leading down.
Found a basalt altar of Yredelemnul.
A leopard gecko comes into view.
The leopard gecko hisses angrily.
The leopard gecko moves out of view.
The leopard gecko barely misses you. You furiously retaliate!
You headbutt the leopard gecko.
The leopard gecko is too close now for your liking.
You are now empty-handed.
The leopard gecko bites you but does no damage.
Casting: Beastly Appendage (safe; 3% risk of failure)
Confirm with . or Enter, or press ? or * to list all spells.
Your feet morph into talons.
Your transformation is almost over.
The leopard gecko bites you.
You punch the leopard gecko!
You kill the leopard gecko!
Okawaru accepts your kill.
No target in view!
No target in view!
No target in view!
Your hands tingle!
b - the +3 hunting sling of Fee Simple (weapon)
{speed, rPois}
f - 10 green potions (gained 1)
Your talons disappear.
A two-headed ogre comes into view.
It is wielding a +0 giant club and a +0 giant spiked club.
The two-headed ogre shouts in stereo!
Casting: Beastly Appendage (safe; 3% risk of failure)
Confirm with . or Enter, or press ? or * to list all spells.
You miscast Sticks to Snakes.
You are very lightly contaminated with residual magic.
Waves of light ripple over your body.
You are feeling very hungry.
The two-headed ogre misses you.
The two-headed ogre hits you with a +0 giant spiked club!!
You are now empty-handed.
Casting: Sticks to Snakes (safe; 4% risk of failure)
Confirm with . or Enter, or press ? or * to list all spells.
Your feet morph into talons.
The two-headed ogre misses you. You furiously retaliate!
You headbutt the two-headed ogre, but do no damage.
The two-headed ogre hits you with a +0 giant spiked club!
You gain the combat prowess of a mighty hero.
The two-headed ogre hits you but does no damage.
The two-headed ogre hits you with a +0 giant spiked club!!
* * * LOW HITPOINT WARNING * * *
Casting: Beastly Appendage (safe; 3% risk of failure)
Confirm with . or Enter, or press ? or * to list all spells.
You create a snake!
You now have 123 arrows.
You hit the two-headed ogre but do no damage.
Your kick misses the two-headed ogre. The two-headed ogre closely misses you.
The two-headed ogre barely misses you.
Your ball python bites the two-headed ogre.
You hit the two-headed ogre but do no damage.
Your kick misses the two-headed ogre.
The two-headed ogre is lightly wounded.
You hit the two-headed ogre.
You claw the two-headed ogre, but do no damage.
Your headbutt misses the two-headed ogre.
The two-headed ogre is lightly wounded.
Your ball python bites the two-headed ogre but does no damage.
The two-headed ogre hits you with a +0 giant club!!
You die...

##...## ##.....#
########.......
#.........._...
#......#.......
#......##.....#
#.......##...##
######.......###.###
#.O@.........+.>....
#S####.......##.###.
#. #.......##.###.
#. ##########.....
#. ####.. #. #.. #.
#.# #. #.# #.#


You could see a two-headed ogre and a friendly ball python.

Vanquished Creatures
  Grinder (D:6)
  2 hippogriffs
  A sky beast (D:8)
  A slave (D:8)
  An ogre (D:5)
  3 centaurs
  Blork the orc (D:4)
  A bullfrog (D:5)
  2 scorpions
  4 killer bees (D:7)
  5 wights (D:7)
  A lava snake (D:7)
  5 crimson imps
  2 jellies
  2 hounds (D:3)
  An orc priest (D:5)
  Crazy Yiuf (D:4)
  A quasit (D:5)
  4 orc wizards
  An iguana (D:7)
  4 worker ants
  A hound zombie (D:7)
  A hound skeleton (D:5)
  4 gnolls (D:4)
  12 adders
  4 river rats
  An adder skeleton (D:7)
  3 worms
  2 dart slugs
  8 leopard geckos
  16 orcs
  6 giant cockroaches
  10 goblins
  4 hobgoblins
  6 jackals
  4 ball pythons
  4 bats
  3 frilled lizards
  23 kobolds
  A leopard gecko skeleton (D:4)
  35 rats
192 creatures vanquished.

Vanquished Creatures (collateral kills)
  A centaur (D:5)
  An adder zombie (D:6)
2 creatures vanquished.

Grand Total: 194 creatures vanquished

Notes
Turn   | Place    | Note
-------+----------+-------------------------------------------
     0 | D:1      | sankara the Minotaur Transmuter began the quest for the
                  | Orb.
     0 | D:1      | Reached XP level 1. HP: 16/16 MP: 1/1
   391 | D:1      | Reached XP level 2. HP: 20/23 MP: 0/3
   395 | D:1      | Reached skill level 2 in Transmutations
   969 | D:1      | Reached skill level 4 in Unarmed Combat
  1028 | D:1      | Reached XP level 3. HP: 28/28 MP: 2/4
  1422 | D:2      | Learned a level 2 spell: Sticks to Snakes
  1457 | D:2      | Found a shimmering altar of Xom.
  1684 | D:2      | Reached XP level 4. HP: 20/35 MP: 3/5
  1839 | D:2      | Reached skill level 3 in Transmutations
  2532 | D:3      | Found an ornate altar of the Wu Jian Council.
  2544 | D:3      | Found a hazy altar of Hepliaklqana.
  3254 | D:4      | Found Vigac's Gadget Emporium.
  3309 | D:4      | Reached XP level 5. HP: 39/40 MP: 4/6
  3309 | D:4      | Noticed Blork the orc
  3322 | D:3      | Reached skill level 1 in Armour
  3322 | D:3      | Reached skill level 5 in Unarmed Combat
  3611 | D:4      | Reached skill level 2 in Armour
  4255 | D:4      | HP: 8/40 [orc/+0 club (4)]
  4257 | D:4      | Reached XP level 6. HP: 8/47 MP: 7/7
  4536 | D:3      | HP: 11/47 [poisoned by a scorpion]
  4544 | D:3      | HP: 10/47 [poisoned by a scorpion]
  4552 | D:3      | HP: 9/47 [poisoned by a scorpion]
  4838 | D:4      | Found a shimmering blue altar of Sif Muna.
  4857 | D:4      | HP: 11/47 [gnoll/+0 halberd (8)]
  4866 | D:4      | HP: 2/47 [gnoll/cursed -3 spear (10)]
  5241 | D:4      | Found a glowing silver altar of Zin.
  5295 | D:4      | HP: 7/47 [orc wizard/puff of frost (11)]
  5565 | D:4      | Reached skill level 3 in Armour
  5948 | D:4      | Killed Blork the orc
  5948 | D:4      | Reached skill level 2 in Fighting
  5948 | D:4      | Reached skill level 4 in Transmutations
  6008 | D:4      | Found Keere's General Store.
  6022 | D:4      | Reached skill level 6 in Unarmed Combat
  6165 | D:4      | Bought a scroll of remove curse for 39 gold pieces
  6165 | D:4      | Bought a potion of might for 52 gold pieces
  6213 | D:4      | Found a runed translucent door.
  6214 | D:4      | Noticed Crazy Yiuf
  6239 | D:4      | Killed Crazy Yiuf
  6239 | D:4      | Reached XP level 7. HP: 21/56 MP: 1/8
  6456 | D:5      | Entered Level 5 of the Dungeon
  6500 | D:5      | Reached skill level 3 in Fighting
  6509 | D:5      | Learned a level 5 spell: Blade Hands
  6662 | D:5      | Found Enaw Xext's Antique Armour Shoppe.
  6665 | D:5      | Bought a crude leather armour for 161 gold pieces
  6676 | D:5      | Identified the +0 leather armour of Pomu {Str+4} (You
                  | bought it in a shop on level 5 of the Dungeon)
  7008 | D:5      | Reached skill level 4 in Fighting
  7008 | D:5      | Reached skill level 4 in Armour
  7299 | D:5      | Reached XP level 8. HP: 66/66 MP: 7/9
  7302 | D:5      | Learned a level 1 spell: Confusing Touch
  7303 | D:5      | Found a staircase to the Ecumenical Temple.
  7312 | Temple   | Entered the Ecumenical Temple
  7352 | Temple   | Became a worshipper of Warmaster Okawaru
  7450 | D:5      | Reached skill level 7 in Unarmed Combat
  7715 | D:6      | Found a glowing drain.
  7762 | Sewer    | Entered a sewer
  7981 | Sewer    | Reached skill level 5 in Transmutations
  8521 | D:6      | Noticed Grinder
  8525 | D:6      | Reached skill level 3 in Dodging
  8539 | D:6      | Killed Grinder
  8539 | D:6      | Reached * piety under Okawaru
  8539 | D:6      | Reached skill level 5 in Fighting
  8539 | D:6      | Reached skill level 5 in Armour
  9321 | D:7      | Got a scorched hunting sling
  9322 | D:7      | Identified the +3 hunting sling of Fee Simple {speed,
                  | rPois} (You found it on level 7 of the Dungeon)
  9566 | D:7      | Reached skill level 1 in Slings
 10148 | D:7      | Found a radiant altar of Vehumet.
 10152 | D:7      | Noticed a hippogriff
 10165 | D:7      | Killed a hippogriff
 10165 | D:7      | Reached skill level 4 in Dodging
 10165 | D:7      | Reached XP level 9. HP: 59/75 MP: 8/10
 10323 | D:7      | Reached ** piety under Okawaru
 10323 | D:7      | Reached skill level 2 in Slings
 10655 | D:8      | Found Peefy's Antique Weapon Shop.
 10719 | D:8      | Reached skill level 6 in Fighting
 10991 | D:8      | Reached skill level 6 in Armour
 10991 | D:8      | Reached skill level 8 in Unarmed Combat
 11183 | D:8      | Found a basalt altar of Yredelemnul.
 11203 | D:8      | Noticed a two-headed ogre
 11212 | D:8      | Slain by a two-headed ogre

Levels and vault maps discovered:
D:1:      evilmike_arrival_run_for_it, layout_loops_ring, minmay_pentomino_r2
D:2:      layout_basic, xom_butterflies
D:3:      layout_basic, minitemple
D:4:      layout_cave_pools, grunt_temple_overflow_open, serial_shops, shop,
          shop, uniq_crazy_yiuf_cottage, uniq_blork_the_orc
D:5:      layout_basic, minmay_temple_entry_glass, serial_shops,
          kennysheep_mini, first_ration
D:6:      layout_cave_pods, portal_sewer_entry_a, uniq_grinder
D:7:      layout_loops_ring, vehumet_altar_wand_db, kennysheep_dice
D:8:      layout_basic, lemuel_round_altar, serial_shops,
          nicolae_shop_overgrown_old_shop, uniq_pikel, uniq_harold
Temple:   nicolae_temple_god_jail

Skill      XL: |  1  2  3  4  5  6  7  8  9 |
---------------+----------------------------+-----
Transmutations | 2 3 4 5 |  5.7
Unarmed Combat | 4 5 6 7 8 |  8.0
Armour         | 2 3 4 5 6 |  6.0
Fighting       | 2 4 5 6 |  6.1
Dodging        | 4 |  4.5
Slings         | 1 2 |  2.5
Spellcasting   | |  1.3

Action                   |  1- 3 |  4- 6 |  7- 9 || total
-------------------------+-------+-------+-------++-------
Melee: Unarmed           |    90 |   131 |   233 ||   454
       Headbutt          |    12 |    19 |    28 ||    59
       Kick              |    15 |    27 |    52 ||    94
       Punch             |       |     6 |     4 ||    10
 Fire: Hunting sling     |       |       |    94 ||    94
Throw: Stone             |     4 |     9 |       ||    13
       Dart              |       |     1 |     1 ||     2
       Boomerang         |       |       |     2 ||     2
 Cast: Beastly Appendage |    25 |    36 |    45 ||   106
       Sticks to Snakes  |       |     5 |    10 ||    15
       Confusing Touch   |       |       |     1 ||     1
Invok: Heroism           |       |       |     1 ||     1
  Use: Potion            |       |     3 |     1 ||     4
       Scroll            |       |       |     1 ||     1
 Stab: Distracted        |       |     1 |     1 ||     2
       Invisible         |       |     1 |       ||     1
       Sleeping          |       |       |     4 ||     4
  Eat: Chunk             |     3 |    13 |    14 ||    30
       Ration            |       |     1 |     1 ||     2
Armor: Robe              |     6 |     1 |       ||     7
       Leather armour    |       |    12 |    60 ||    72
       Ring mail         |       |     3 |    16 ||    19
       Skin              |       |     1 |       ||     1
Dodge: Dodged            |    51 |    75 |   164 ||   290

Table legend:
 A = Non-vault XP
 B = Vault XP
 C = Vault XP percentage of total XP
 D = Non-vault monster count
 E = Vault monster count
 F = Vault count percentage of total count
                 A         B        C        D         E       F
            +---------+---------+-------+---------+---------+-------
      Total |    3145 |     543 |  14.7 |     133 |      60 |  31.1
            +---------+---------+-------+---------+---------+-------
        D:1 |      39 |       7 |  15.2 |      26 |       3 |  10.3
        D:2 |     103 |       0 |   0.0 |      17 |       0 |   0.0
        D:3 |     137 |       0 |   0.0 |      18 |       0 |   0.0
        D:4 |     348 |     118 |  25.3 |      17 |       2 |  10.5
        D:5 |     879 |       0 |   0.0 |      20 |       0 |   0.0
        D:6 |     248 |     241 |  49.3 |       6 |       4 |  40.0
        D:7 |     949 |       9 |   0.9 |      20 |       3 |  13.0
        D:8 |     442 |       0 |   0.0 |       9 |       0 |   0.0
      Sewer |       0 |     168 | 100.0 |       0 |      48 | 100.0
            +---------+---------+-------+---------+---------+-------

Levels and vault maps discovered:
D:1:      evilmike_arrival_run_for_it, layout_loops_ring, minmay_pentomino_r2
D:2:      layout_basic, xom_butterflies
D:3:      layout_basic, minitemple
D:4:      layout_cave_pools, grunt_temple_overflow_open, serial_shops, shop,
          shop, uniq_crazy_yiuf_cottage, uniq_blork_the_orc
D:5:      layout_basic, minmay_temple_entry_glass, serial_shops,
          kennysheep_mini, first_ration
D:6:      layout_cave_pods, portal_sewer_entry_a, uniq_grinder
D:7:      layout_loops_ring, vehumet_altar_wand_db, kennysheep_dice
D:8:      layout_basic, lemuel_round_altar, serial_shops,
          nicolae_shop_overgrown_old_shop, uniq_pikel, uniq_harold
Temple:   nicolae_temple_god_jail

Table legend:
 A = Turns spent in this place as a percentage of turns spent in the entire game.
 B = Non-inter-level travel turns spent in this place as a percentage of non-inter-level travel turns spent in the entire game.
 C = Inter-level travel turns spent in this place as a percentage of turns spent in this place.
 D = Turns resting spent in this place as a percentage of non-inter-level travel turns spent in this place.
 E = Turns spent auto-exploring this place as a percentage of non-inter-level travel turns spent in this place.
 F = Non-inter-level travel turns spent in this place divided by the number of levels of this place that you've seen.
                   A       B       C       D       E      F
               +-------+-------+-------+-------+-------+----------------------
         Total | 100.0 | 100.0 |   3.9 |  40.0 |  41.7 | 1078.0
       Dungeon |  93.3 |  93.1 |   4.0 |  41.5 |  41.3 | 1254.6
        Temple |   0.5 |   0.4 |  23.6 |   0.0 |  81.0 |  42.0
         Sewer |   6.3 |   6.5 |   0.0 |  20.1 |  45.5 | 701.0
               +-------+-------+-------+-------+-------+----------------------

Table legend:
 A = Kills in this place as a percentage of kills in entire the game.
 B = Kills by you in this place as a percentage of kills by you in the entire game.
 C = Kills by friends in this place as a percentage of kills by friends in the entire game.
 D = Other kills in this place as a percentage of other kills in the entire game.
 E = Experience gained in this place as a percentage of experience gained in the entire game.
 F = Experience gained in this place divided by the number of levels of this place that you have seen.
                   A       B       C       D       E      F
               +-------+-------+-------+-------+-------+----------------------
         Total | 100.0 | 100.0 | 100.0 |   N/A | 100.0 | 368.8
       Dungeon |  75.1 |  74.9 | 100.0 |   N/A |  95.4 | 440.0
         Sewer |  24.9 |  25.1 |   0.0 |   N/A |   4.6 | 168.0
               +-------+-------+-------+-------+-------+----------------------
